 Dungeon Crawl Stone Soup version 0.27.1-3-gb3d3a73c9e (webtiles) character file.

Game seed: 14629762503975297529

486 barney the Changer (level 6, 0/47 HPs)
             Began as a Draconian Transmuter on Oct 5, 2021.
             Slain by a gnoll (4 damage)
             ... on level 4 of the Dungeon.
             The game lasted 00:05:02 (6212 turns).

barney the Changer (Draconian Transmuter)           Turns: 6212, Time: 00:05:03

Health: 0/47       AC:  6    Str: 12      XL:     6   Next: 89%
Magic:  9/9        EV:  6    Int: 13 (16) God:
Gold:   135        SH:  0    Dex: 10 (13) Spells: 3/9 levels left

rFire    . . .     SeeInvis .     - Unarmed
rCold    . . .     Faith    .   (no shield)
rNeg     . . .     Spirit   .   (armour unavailable)
rPois    .         Reflect  .   (helmet restricted)
rElec    .         Harm     .   (no cloak)
rCorr    .         Rampage  .   (no gloves)
Will     .....                  (no boots)
Stlth    +.........             (no amulet)
HPRegen  0.15/turn              f - ring of wizardry
MPRegen  0.11/turn              (no ring)

@: silenced, held
A: AC +6, unfitting armour, cold-blooded, beak, thin skeletal structure 1,
deterioration 1
a: no special abilities


You were on level 4 of the Dungeon.
You visited 1 branch of the dungeon, and saw 4 of its levels.

You collected 135 gold pieces.

Inventory:

Jewellery
 f - a ring of wizardry (left hand)
Wands
 l - a wand of charming (5)
Scrolls
 b - a scroll of enchant armour {unknown}
 c - 3 scrolls of identify {unknown}
 d - a scroll of summoning {unknown}
 e - 4 scrolls of teleportation {unknown}
 i - a scroll of magic mapping {unknown}
 j - a scroll of vulnerability {unknown}
Potions
 h - 2 potions of magic
 k - a potion of haste


   Skills:
 - Level 1.1 Fighting
 - Level 1.7 Dodging
 - Level 3.0 Unarmed Combat
 - Level 2.0 Spellcasting
 + Level 7.5 Transmutations


You had 3 spell levels left.
You knew the following spells:

 Your Spells              Type           Power      Damage    Failure   Level
a - Beastly Appendage     Tmut           40%        N/A       1%          1
b - Spider Form           Tmut/Pois      5%         N/A       6%          3
c - Wereblood             Tmut           20%        N/A       1%          2

Your spell library contained the following spells:

 Spells                   Type           Power      Damage    Failure   Level
 Animate Skeleton         Necr           2%         N/A       11%         1
 Apportation              Tloc           2%         N/A       11%         1
 Corona                   Hex            1%         N/A       11%         1
 Summon Small Mammal      Summ           4%         N/A       11%         1
 Call Canine Familiar     Summ           1%         N/A       28%         3
 Gell's Gravitas          Tloc           0%         N/A       28%         3
 Lesser Beckoning         Tloc           0%         N/A       28%         3
 Portal Projectile        Hex/Tloc       2%         N/A       28%         3
 Teleport Other           Tloc           1%         N/A       28%         3
 Ice Form                 Ice/Tmut       11%        N/A       21%         4
 Leda's Liquefaction      Hex/Erth       0%         N/A       65%         4


Dungeon Overview and Level Annotations

Branches:
Dungeon (4/15)
 Temple: D:4-7

Altars:
Dithmenos
Kikubaaqudgha

Shops:
D:2 =


Innate Abilities, Weirdness & Mutations

Your plain brown scales are hard. (AC +6)
You cannot fit into any form of body armour.
You are cold-blooded and may be slowed by cold attacks.
You have a beak for a mouth.
You have a somewhat thin skeletal structure. (Dex +2, Stealth+)
Your body sometimes deteriorates upon taking damage.


Message History

A profound silence engulfs you.
It was a scroll of silence.
Magic scrolls do not work when you're silenced!
There are monsters nearby!
There are monsters nearby!
The gnoll completely misses you. The gnoll hits you with a +0 whip.
The gnoll hits you but does no damage.
The gnoll hits you but does no damage. x2
The gnoll hits you from afar with a +0 spear.
The gnoll hits you with a +0 whip.
The gnoll hits you from afar with a +0 spear.
The gnoll hits you from afar with a +0 spear. x2
The gnoll hits you from afar with a +0 spear.
The gnoll hits you with a +0 whip.
The gnoll hits you from afar with a +0 spear.
You feel better.
The gnoll hits you from afar with a +0 spear.
The gnoll hits you but does no damage. The gnoll barely misses you.
The gnoll hits you with a +0 whip.
* * * LOW HITPOINT WARNING * * *
The gnoll hits you from afar with a +0 spear.
* * * LOW HITPOINT WARNING * * *
The gnoll barely misses you. The gnoll hits you with a +0 whip.
* * * LOW HITPOINT WARNING * * *
Your body deteriorates!
You feel clumsy.
The gnoll hits you from afar with a +0 spear.
* * * LOW HITPOINT WARNING * * *
You feel better.
The gnoll hits you from afar with a +0 spear.
* * * LOW HITPOINT WARNING * * *
The gnoll hits you but does no damage.
You feel better. The gnoll hits you but does no damage.
The gnoll hits you with a +0 whip.
* * * LOW HITPOINT WARNING * * *
The gnoll hits you from afar with a +0 spear.
* * * LOW HITPOINT WARNING * * *
Unknown command.
The gnoll hits you from afar with a +0 spear.
* * * LOW HITPOINT WARNING * * *
The gnoll hits you from afar with a +0 spear.
You die...

##.......#################....
# ###...#.........##...##
###.. # ###.(#####..........##
#.# ## ##..###........)...#
#.#
.##########................#
#.#
........#######.<........รท.#
#.#
#######...................##
#.# ##########.........####
#.. #@.###<......####.
....ggg#.# #######..###)
.....gZ .# ##..... ....... .#
###### ....... .# # ....... ##
# ....... # ####### # #


You could see 4 gnolls and a hound skeleton.

Vanquished Creatures
  Eustachio (D:4)
  Purgy (D:3)
  A howler monkey (D:4)
  A bullfrog skeleton (D:4)
  2 iguanas (D:4)
  5 adders
  A worm (D:3)
  5 dart slugs
  16 bats
  4 endoplasms
  4 giant cockroaches
  5 goblins
  10 hobgoblins
  3 jackals (D:3)
  3 quokkas (D:2)
  5 ball pythons
  4 frilled lizards (D:1)
  11 kobolds
  9 rats
91 creatures vanquished.

Notes
Turn   | Place    | Note
-------+----------+-------------------------------------------
     0 | D:1      | barney the Draconian Transmuter began the quest for the
                  | Orb.
     0 | D:1      | Reached XP level 1. HP: 16/16 MP: 3/3
   238 | D:1      | Reached XP level 2. HP: 19/23 MP: 3/5
   421 | D:1      | Reached skill level 3 in Transmutations
   695 | D:1      | You fall into a shaft and drop 1 floor!
   695 | D:2      | Found Mexeffopp's Jewellery Emporium.
   703 | D:2      | Reached XP level 3. HP: 18/28 MP: 3/6
  1179 | D:2      | Reached skill level 4 in Transmutations
  1688 | D:2      | Learned a level 3 spell: Spider Form
  1691 | D:2      | Learned a level 2 spell: Wereblood
  1958 | D:2      | Found an ancient bone altar of Kikubaaqudgha.
  2005 | D:3      | Gained mutation: You have a beak for a mouth. [potion of
                  | mutation]
  2005 | D:3      | Gained mutation: Your body sometimes deteriorates upon
                  | taking damage. [potion of mutation]
  2005 | D:3      | Gained mutation: Your system is resistant to poisons.
                  | (rPois) [potion of mutation]
  2444 | D:3      | Reached XP level 4. HP: 32/35 MP: 5/7
  2922 | D:3      | Found a shadowy altar of Dithmenos.
  3164 | D:3      | Noticed Purgy
  3178 | D:3      | Killed Purgy
  3179 | D:3      | Reached skill level 5 in Transmutations
  3179 | D:3      | Reached XP level 5. HP: 14/40 MP: 5/8
  4060 | D:3      | Found a faded altar of an unknown god.
  4819 | D:4      | Lost mutation: Your system is resistant to poisons. (rPois)
                  | [potion of mutation]
  4819 | D:4      | Gained mutation: Your magical capacity is low. (-10% MP)
                  | [potion of mutation]
  4819 | D:4      | Gained mutation: You have a somewhat thin skeletal
                  | structure. (Dex +2, Stealth+) [potion of mutation]
  4819 | D:4      | Lost mutation: Your magical capacity is low. (-10% MP)
                  | [potion of mutation]
  4850 | D:4      | Reached skill level 6 in Transmutations
  5072 | D:4      | Reached XP level 6. HP: 41/47 MP: 6/9
  5217 | D:4      | Noticed Eustachio
  5232 | D:4      | Killed Eustachio
  5233 | D:4      | Reached skill level 7 in Transmutations
  6212 | D:4      | Slain by a gnoll

Illustrated notes

Levels and vault maps discovered:
D:1:      lightli_arrival_statue_moat, layout_loops_ring
D:2:      layout_basic, serial_shops, shop, basic_altar, grunt_ministairs_2,
          corexii_leaking_fountain, grunt_decor_one_mirror, minmay_vboxes
D:3:      layout_basic, nicolae_dithmenos_the_darkroom,
          shapermc_ecumenical_altar_ellora, roderic_batcave,
          minmay_randomly_rotated_circles, uniq_purgy
D:4:      layout_rooms, uniq_eustachio

Skill      XL: |  1  2  3  4  5  6 |
---------------+-------------------+-----
Transmutations | 3 4 5 6 7 |  7.5
Fighting       | |  1.1
Dodging        | |  1.7
Unarmed Combat | |  3.0
Spellcasting   | |  2.0

Action                   |  1- 3 |  4- 6 || total
-------------------------+-------+-------++-------
Melee: Unarmed           |   141 |   140 ||   281
       Kick              |    16 |     3 ||    19
       Tailslap          |    10 |     2 ||    12
       Headbutt          |    11 |     2 ||    13
       Peck              |     2 |     3 ||     5
 Cast: Beastly Appendage |    22 |     8 ||    30
       Spider Form       |     2 |    14 ||    16
       Wereblood         |       |     2 ||     2
  Use: Potion            |     7 |     7 ||    14
       Scroll            |       |     1 ||     1
 Stab: Sleeping          |     1 |     4 ||     5
       Invisible         |     2 |       ||     2
Armor: Skin              |    51 |    58 ||   109
Dodge: Dodged            |   105 |   168 ||   273
